 Dungeon Crawl Stone Soup version 0.29-a0-468-ge57f7f99b4 (webtiles) character file.

Game seed: 17066525518636124528

10 greenreed the Firebug (level 2, -1/20 HPs)
             Began as a Hill Orc Fire Elementalist on May 21, 2022.
             Slain by an adder (2 damage)
             ... on level 1 of the Dungeon.
             The game lasted 00:04:09 (985 turns).

greenreed the Firebug (Hill Orc Fire Elementalist)   Turns: 985, Time: 00:04:10

Health: -1/20      AC:  2    Str: 10    XL:     2   Next: 20%
Magic:  0/4        EV: 12    Int: 17    God:
Gold:   57         SH:  0    Dex: 11    Spells: 3/4 levels left

rFire   . . .      SeeInvis .   j - +0 hunting sling
rCold   . . .      Faith    .   (no shield)
rNeg    . . .      Spirit   .   a - +0 robe
rPois   .          Reflect  .   (helmet restricted)
rElec   .          Harm     .   (no cloak)
rCorr   .          Rampage  .   (no gloves)
Will    .....      Clarity  +   (no boots)
Stlth   ++........              (no amulet)
HPRegen 0.06/turn               (no ring)
MPRegen 0.09/turn               (no ring)

@: no status effects
A: antennae 2, clarity, clever 1
a: no special abilities


You were on level 1 of the Dungeon.
You visited 1 branch of the dungeon, and saw 2 of its levels.

You collected 57 gold pieces.

Inventory:

Hand Weapons
 c - a +0 antimagic hand axe
 j - a +0 hunting sling (weapon)
Armour
 a - a +0 robe (worn)
Jewellery
 d - a ring of protection from cold
Scrolls
 f - a scroll of fog {unknown}
 g - a scroll of identify {unknown}
Potions
 b - a potion of magic
 h - a potion of brilliance {unknown}
 i - a potion of berserk rage {unknown}
 k - a potion of mutation


   Skills:
 + Level 1.7 Dodging
 - Level 1.5 Stealth
 + Level 1.7 Spellcasting
 + Level 1.0 Conjurations
 + Level 3.7 Fire Magic


You had 3 spell levels left.
You knew the following spells:

 Your Spells              Type           Power      Damage    Failure   Level
a - Foxfire               Conj/Fire      36%        2x1d5     8%          1

Your spell library contained the following spells:

 Spells                   Type           Power      Damage    Failure   Level
 Scorch                   Fire           28%        2d6       7%          2
 Conjure Flame            Conj/Fire      9%         6-21      22%         3
 Inner Flame              Hex/Fire       7%         N/A       28%         3
 Flame Wave               Conj/Fire      9%         2d5       58%         4


Dungeon Overview and Level Annotations

Branches:
Dungeon (2/15)

Altars:

Shops:
D:1 ?

Annotations:
D:2 Sigmund


Innate Abilities, Weirdness & Mutations

You have a pair of antennae on your head.
You possess an exceptional clarity of mind.
Your mind is acute. (Int +2)


Message History

The adder attacks as you move away! The adder bites you.
You are lethally poisoned!
The adder poisons you!
* * * LOW HITPOINT WARNING * * *
You feel sick. The adder closely misses you.
The adder attacks as you move away! The adder misses you.
* * * LOW HITPOINT WARNING * * *
You feel sick. The adder attacks as you move away! The adder barely misses you.
* * * LOW HITPOINT WARNING * * *
You feel sick.
It was a potion of mutation.
You feel extremely strange.
You feel clever. A pair of antennae grows on your head!
The antennae on your head grow some more.
Your thoughts seem clearer.
* * * LOW HITPOINT WARNING * * *
You feel sick. The adder barely misses you. The adder closely misses you.
It was a potion of curing.
You feel better. The adder barely misses you.
The adder attacks as you move away! The adder bites you.
You are poisoned.
The adder poisons you!
You feel sick. The adder barely misses you.
There is a stone staircase leading up here.
You feel sick. The adder barely misses you.
You climb upwards.
* * * LOW HITPOINT WARNING * * *
You feel sick.
There is a stone staircase leading down here.
Casting: Foxfire (safe; 8% risk of failure)
Confirm with . or Enter, or press ? or * to list all spells.
You conjure some foxfire!
You feel sick.
You are no longer poisoned.
The adder bites you.
* * * LOW HITPOINT WARNING * * *
Your foxfire dissipates!
The foxfire hits the adder.
The adder is heavily wounded.
Casting: Foxfire (safe; 8% risk of failure)
Confirm with . or Enter, or press ? or * to list all spells.
You conjure some foxfire!
The adder closely misses you. The adder bites you.
You die...

#.#######.# ###### #.# #.# #.....
#.# #.# #.#... #.# ###.#####
#.#.#. #.# #.......# #.#.#. #)#
#.#.###.#####.#.#. ##########.#
#.#.# #.#......... ...........#
#.#.# #.##.##.####
#...############@#.###.##.##.....
....'..........vSv.....##.#######
#...####.#.......#..#..#......#..
#...# #.##...............###.#.#
#...# #..+........#.......#..#.#
#...#######........#.......#.##.#
####...............#.......#.##.#
#.#######.###.#.#.......#.....
#.# #.....#.##......####.#


You could see an adder (ally target).

Vanquished Creatures
  2 bats (D:1)
  A giant cockroach (D:1)
  A hobgoblin (D:1)
  A quokka (D:1)
  A ball python (D:2)
  A frilled lizard (D:1)
  A goblin (D:2)
  2 rats
10 creatures vanquished.

Vanquished Creatures (others)
  26 foxfires
26 creatures vanquished.

Grand Total: 36 creatures vanquished

Notes
Turn   | Place    | Note
-------+----------+-------------------------------------------
     0 | D:1      | greenreed the Hill Orc Fire Elementalist began the quest
                  | for the Orb.
     0 | D:1      | Reached XP level 1. HP: 14/14 MP: 3/3
    14 | D:1      | Noticed a golden eye
    16 | D:1      | Found a faded altar of an unknown god.
    19 | D:1      | Noticed an eye of devastation
    19 | D:1      | Noticed a floating eye
    19 | D:1      | Noticed a golden eye
   129 | D:1      | Found Neatuomp's Magic Scroll Boutique.
   541 | D:1      | Reached XP level 2. HP: 20/20 MP: 0/4
   956 | D:2      | Noticed Sigmund
   977 | D:2      | Gained mutation: Your mind is acute. (Int +2) [potion of
                  | mutation]
   977 | D:2      | Gained mutation: You have a pair of small antennae on your
                  | head. [potion of mutation]
   977 | D:2      | Gained mutation: You have a pair of antennae on your head.
                  | [potion of mutation]
   977 | D:2      | Gained mutation: You possess an exceptional clarity of
                  | mind. [potion of mutation]
   983 | D:1      | HP: 1/20 [adder (1)]
   985 | D:1      | Slain by an adder

Illustrated notes

Levels and vault maps discovered:
D:1:      scummos_arrival_simple_fountains, layout_basic, serial_shops,
          nicolae_shop_advertising_works [nicolae_subvault_shop_adworks],
          hellmonk_ecumenical_altar_watching_god
D:2:      layout_basic, serial_shops, nicolae_shop_statue_plus, uniq_sigmund,
          uniq_crazy_yiuf_cottage

Action                   || total
-------------------------++-------
Melee: Unarmed           ||     1
 Fire: Hunting sling     ||     6
 Cast: Foxfire           ||    19
  Use: Potion            ||     2
Armor: Robe              ||     6
Dodge: Dodged            ||    20

Table legend: (Time is in decaauts)
 A = Elapsed time spent in this place.
 B = Non-inter-level travel time spent in this place.
 C = Inter-level travel time spent in this place.
 D = Time resting spent in this place.
 E = Time spent auto-exploring this place.
 F = Levels seen in this place.
 G = Mean time per level.
                   A        B        C        D        E       F      G
               +--------+--------+--------+--------+--------+-----+--------+
         Total |    987 |    924 |     63 |      0 |    806 |   2 |  493.5 |
       Dungeon |    987 |    924 |     63 |      0 |    806 |   2 |  493.5 |
               +--------+--------+--------+--------+--------+-----+--------+

Top non-repeatable levels by time:
     D:1: 930 daAuts
     D:2: 57 daAuts
